 Dungeon Crawl Stone Soup version 0.27.1-3-gb3d3a73c9e (webtiles) character file.

Game seed: 14616053590766274299

45 cdecastro the Poker (level 3, 0/29 HPs)
             Began as a Demonspawn Abyssal Knight on Oct 11, 2021.
             Was a Follower of Lugonu.
             Slain by an orc priest (6 damage)
             ... on level 1 of the Dungeon.
             The game lasted 00:03:49 (1688 turns).

cdecastro the Poker (Demonspawn Abyssal Knight)     Turns: 1688, Time: 00:03:49

Health: 0/29       AC:  5    Str: 13    XL:     3   Next: 42%
Magic:  0/4        EV: 10    Int: 13    God:    Lugonu [*.....]
Gold:   76         SH:  0    Dex: 12    Spells: 2/2 levels left

rFire    . . .     SeeInvis .   a - +1 spear
rCold    . . .     Faith    .   (no shield)
rNeg     . . .     Spirit   +   h - +0 ring mail
rPois    .         Reflect  .   (helmet restricted)
rElec    .         Harm     .   (no cloak)
rCorr    .         Rampage  .   (no gloves)
Will     .....                  (no boots)
Stlth    +.........             j - amulet of guardian spirit
HPRegen  0.09/turn              (no ring)
MPRegen  0.09/turn              (no ring)

@: no status effects
A: horns 1
a: Renounce Religion, Depart the Abyss


You were on level 1 of the Dungeon.
You worshipped Lugonu.
Lugonu was aware of your devotion.
You visited 1 branch of the dungeon, and saw 2 of its levels.
You visited the Abyss 1 time.

You collected 76 gold pieces.

Inventory:

Hand Weapons
 a - a +1 spear (weapon)
Missiles
 c - 18 poisoned darts
 f - 56 stones
Armour
 h - a +0 ring mail (worn)
 k - a +0 chain mail
Jewellery
 j - an amulet of guardian spirit (around neck)
Scrolls
 b - a scroll of amnesia {unknown}
 d - a scroll of immolation {unknown}
 e - a scroll of teleportation {unknown}
 i - a scroll of identify {unknown}
Potions
 g - a potion of invisibility {unknown}


   Skills:
 - Level 3.0 Fighting
 + Level 3.5 Polearms
 - Level 1.7 Armour
 - Level 0.8 Dodging
 - Level 2.4 Invocations


You had 2 spell levels left.
You didn't know any spells.
Your spell library was empty.

Dungeon Overview and Level Annotations

Branches:
Dungeon (2/15)

Altars:


Innate Abilities, Weirdness & Mutations

You have a pair of small horns on your head.


Message History

Beogh smites you!
You are too injured to fight recklessly!
You are too injured to fight recklessly!
You are too injured to fight recklessly!
Found a mace.
An orc wizard comes into view. It is wielding a +0 dagger.
The orc wizard shouts!
The orc wizard casts a spell.
The orc wizard flickers and vanishes!
Deactivating autopickup; reactivate with Ctrl-A.
There is an escape hatch in the ceiling here.
The orc priest hits you but does no damage.
A mysterious force pulls you upwards. The hatch slams shut behind you.
Reactivating autopickup.
Unknown command.
You barely miss the orc priest. Your headbutt misses the orc priest.
The orc priest barely misses you.
You hit the orc priest but do no damage.
You headbutt the orc priest, but do no damage.
The orc priest hits you with a +0 flail.
* * * LOW HITPOINT WARNING * * *
You hit the orc priest but do no damage.
The orc priest hits you with a +0 flail!
* * * LOW HITPOINT WARNING * * *
You hit the orc priest but do no damage.
Your headbutt misses the orc priest. The orc priest barely misses you.
You hit the orc priest but do no damage.
The orc priest hits you but does no damage.
You hit the orc priest.
The orc priest is lightly wounded.
The orc priest hits you but does no damage.
You hit the orc priest but do no damage.
The orc priest is lightly wounded.
You hit the orc priest. You headbutt the orc priest.
The orc priest is heavily wounded.
The orc priest barely misses you.
You closely miss the orc priest.
The orc priest is heavily wounded.
The orc priest hits you with a +0 flail!
You die...

##.##.##.#.#..# ##.#.#
##.#.#. #..>........>.#
##.#..###......
##.##.##.###.##
##.###.##..####' ##.#.#..#
#.# #.## ##...##.... ##...#.#
#.# ##.###...##.#### ##.##.#
#.#######.#.#.##.##... #.##.#
#..........##.#.##.###
#.##.###..#######.##.#.#.##.≈
#..........o@...#.##.#.#.#.##
######....#####.#.##.#.#.#.#<
#.###.####....##.#.#.'.## #.#
#.........##.#.#.##..
#.###.###....###.#.##.###
##...## #.#.###..##.##...
###.# #.#.##....##.#### #.#
#.#........##.... #.#
#.####......#####


You could see an orc priest.

Vanquished Creatures
  An adder (D:2)
  2 worms (D:2)
  3 ball pythons (D:1)
  3 bats
  2 endoplasms (D:1)
  A giant cockroach (D:1)
  2 goblins (D:2)
  3 hobgoblins
  2 kobolds (D:1)
  3 quokkas
  2 frilled lizards
  4 rats (D:1)
28 creatures vanquished.

Notes
Turn   | Place    | Note
-------+----------+-------------------------------------------
     0 | Abyss:1  | cdecastro the Demonspawn Abyssal Knight began the quest for
                  | the Orb.
     0 | Abyss:1  | Reached XP level 1. HP: 18/18 MP: 2/2
    58 | Abyss:1  | Noticed a raiju
    83 | D:1      | Escaped the Abyss
   267 | D:1      | Noticed an eye of devastation
   279 | D:1      | Found a faded altar of an unknown god.
   280 | D:1      | Noticed a shining eye
   280 | D:1      | Noticed an eye of devastation
   280 | D:1      | Noticed a great orb of eyes
   328 | D:1      | Reached * piety under Lugonu
   340 | D:1      | Gained mutation: You have a pair of small horns on your
                  | head. [demonic ancestry]
   340 | D:1      | Reached XP level 2. HP: 24/24 MP: 3/3
  1188 | D:2      | Reached XP level 3. HP: 23/29 MP: 2/4
  1688 | D:1      | Slain by an orc priest

Illustrated notes

Levels and vault maps discovered:
D:1:      evilmike_arrival_rings, layout_loops_ring,
          hellmonk_ecumenical_altar_watching_god
D:2:      minmay_general_purpose_star, layout_basic

Skill      XL: |  1  2 |
---------------+-------+-----
Polearms       | 2 3 |  3.5
Fighting       | |  3.0
Armour         | |  1.7
Dodging        | |  0.8
Invocations    | |  2.4

Action                   || total
-------------------------++-------
Melee: Spear             ||   114
       Headbutt          ||    12
Invok: Depart the Abyss  ||     1
 Stab: Sleeping          ||     1
Armor: Leather armour    ||     3
       Ring mail         ||    16
Dodge: Dodged            ||    47
